 Dungeon Crawl Stone Soup version 0.18.1-48-g4cf74bf (webtiles) character file.

10302 striepan the Destroyer (level 11, -2/63 HPs)
             Began as a Deep Elf Fire Elementalist on Aug 10, 2016.
             Was a Priest of Vehumet.
             Slain by a yak (12 damage)
             ... on level 9 of the Dungeon on Aug 11, 2016.
             The game lasted 02:48:39 (12478 turns).

striepan the Destroyer (DEFE)                      Turns: 12478, Time: 02:48:40

Health: -2/63      AC:  9    Str:  5    XL:     11   Next: 34%
Magic:  17/28      EV: 14    Int: 30    God:    Vehumet [***...]
Gold:   501        SH:  4    Dex: 15    Spells: 6 memorised, 18 levels left

rFire  + . .     SeeInvis .     i - +0 dagger (venom)
rCold  x . .     Gourm    .     m - +1 leather armour of Ru's Pride {Int+6}
rNeg   . . .     Faith    .     (no shield)
rPois  .         Spirit   .     T - +2 hat
rElec  .         Dismiss  .     (no cloak)
rCorr  .         Reflect  +     d - +2 pair of gloves
SustAt .         Harm     .     (no boots)
MR     +....                    x - +4 amulet of reflection
Stlth  +++.......               w - ring of fire
                                q - ring of stealth

@: somewhat resistant to hostile enchantments, fairly stealthy
A: no striking features
a: Renounce Religion


You were on level 9 of the Dungeon.
You worshipped Vehumet.
Vehumet was most pleased with you.
You were very hungry.

You visited 2 branches of the dungeon, and saw 12 of its levels.

You collected 501 gold pieces.

Inventory:

Hand Weapons
 i - a +0 dagger of venom (weapon)
 G - a +0 dagger of pain
 K - a +0 rapier
Armour
 a - a +0 robe
 d - a +2 pair of gloves (worn)
 m - the +1 leather armour of Ru's Pride (worn) {Int+6}
   (You found it on level 7 of the Dungeon)

   It affects your intelligence (+6).
 T - a +2 hat (worn)
Magical Staves
 B - an uncursed staff of poison
Jewellery
 e - an uncursed amulet of regeneration
 q - a ring of stealth (left hand)
 w - a ring of fire (right hand)
 x - a +4 amulet of reflection (around neck)
 M - an uncursed ring of protection from fire
 V - an uncursed ring of resist corrosion
Wands
 N - a wand of flame (16/48)
 O - a wand of confusion (31/48)
 Q - a wand of enslavement (12/24)
 U - a wand of iceblast (7/15)
Scrolls
 f - 4 scrolls of enchant weapon {unknown}
 h - 3 scrolls of amnesia
 k - 2 scrolls of identify
 r - 2 scrolls of fear
 s - 3 scrolls of remove curse
 t - 6 scrolls of teleportation
 y - 2 scrolls of magic mapping
 z - 2 scrolls of immolation {unknown}
 F - a scroll of fog {unknown}
 J - 2 scrolls of recharging {unknown}
 S - a scroll of blinking {unknown}
 X - a scroll of silence {unknown}
Potions
 g - 8 potions of brilliance
 n - 2 potions of might {unknown}
 o - 8 potions of curing
 p - a potion of ambrosia {unknown}
 v - 3 potions of heal wounds
 A - a potion of cancellation {unknown}
 C - a potion of magic {unknown}
 E - 2 potions of degeneration {unknown}
 H - a potion of flight {unknown}
 I - 2 potions of agility {unknown}
 L - 2 potions of lignification {unknown}
Books
 b - a book of Flames

   Spells                             Type                      Level
   a - Flame Tongue                   Conjuration/Fire             1
   b - Throw Flame                    Conjuration/Fire             2
   c - Conjure Flame                  Conjuration/Fire             3
   d - Inner Flame                    Hexes/Fire                   3
   e - Sticky Flame                   Conjuration/Fire             4
   f - Fireball                       Conjuration/Fire             5
 u - a Grand Grimoire

   Spells                             Type                      Level
   a - Monstrous Menagerie            Summoning                    7
   b - Summon Greater Demon           Summoning                    7
   c - Malign Gateway                 Summoning/Translocation      7
   d - Summon Horrible Things         Summoning                    8
 D - the Papyrus of the Noxious Glacier
   (You found it on level 5 of the Dungeon)

   Spells                             Type                      Level
   a - Freeze                         Ice                          1
   b - Throw Frost                    Conjuration/Ice              2
   c - Ozocubu's Armour               Charms/Ice                   3
   d - Ignite Poison                  Fire/Transmutation/Poison    3
   e - Alistair's Intoxication        Transmutation/Poison         5
   f - Ozocubu's Refrigeration        Ice                          6
 R - a book of Air

   Spells                             Type                      Level
   a - Shock                          Conjuration/Air              1
   b - Swiftness                      Charms/Air                   2
   c - Repel Missiles                 Charms/Air                   2
   d - Static Discharge               Conjuration/Air              3
   e - Lightning Bolt                 Conjuration/Air              5
 W - a book of Callings

   Spells                             Type                      Level
   a - Summon Small Mammal            Summoning                    1
   b - Call Imp                       Summoning                    2
   c - Call Canine Familiar           Summoning                    3
   d - Summon Guardian Golem          Hexes/Summoning              3
   e - Summon Lightning Spire         Summoning/Air                4
   f - Summon Ice Beast               Ice/Summoning                4
Comestibles
 c - 16 bread rations
 j - 2 meat rations
 l - 10 fruits
 P - 5 beef jerkies


   Skills:
 - Level 5.0 Fighting
 - Level 6.3 Dodging
 - Level 3.2 Stealth
 - Level 11.1 Spellcasting
 - Level 11.2 Conjurations
 + Level 10.4 Fire Magic


You had 18 spell levels left.
You knew the following spells:

 Your Spells              Type           Power        Failure   Level  Hunger
a - Flame Tongue          Conj/Fire      #####        1%          1    None
b - Conjure Flame         Conj/Fire      #######.     1%          3    None
c - Throw Flame           Conj/Fire      ######       1%          2    None
d - Fireball              Conj/Fire      #######...   1%          5    ###....
e - Throw Frost           Conj/Ice       ####..       1%          2    None
f - Shock                 Conj/Air       ####         1%          1    None


Dungeon Overview and Level Annotations

Branches:
Dungeon (11/15)            Temple (1/1) D:4            Lair (0/8) D:8
    Orc (0/2) D:9

Altars:
Ashenzari
Cheibriados
Dithmenos
Elyvilon
Fedhas
Gozag
Kikubaaqudgha
Makhleb
Nemelex Xobeh
Okawaru
Pakellas
Qazlal
Ru
Sif Muna
Trog
Vehumet
Xom
Yredelemnul
Zin
The Shining One
Beogh
Lugonu

Annotations:
D:11 Urug


Message History

Aiming: Throw Flame
Press: ? - help, Shift-Dir - straight line, f/p - yak
Aim: a yak (heavily wounded)
You feel a surge of power!
The puff of flame hits the yak.
The yak is severely wounded.
The yak gores you!
* * * LOW HITPOINT WARNING * * *
You hit the yak but do no damage.
The yak is poisoned.
The yak is severely wounded.
The yak closely misses you.
There is an open door here.
There isn't anything here!
Casting: Throw Flame
Confirm with . or Enter, or press ? or * to list all spells.
Aiming: Throw Flame
Press: ? - help, Shift-Dir - straight line, p - yak You feel a surge of power!
The puff of flame hits the yak.
The yak is almost dead.
The yak gores you!
You die...

#>........'...........'[[..)..
###.......##..........#)[.....
#........'..........#......#
#.......##..........#...####
#.............#.#####.[[#...
##############.#...........8...
#..(.........#.#....####...'[..
#.##########.#.#....'......8..⌠
#.# #.#@#....####...#... #.#
#.#Y#....# #...#... #.#####
###.#z#.#########.#8._ #.....#
#...#.#.# #.......#... #.....##
#...#.#.# #...)...#...
#......###...#.#.###...[)).8..⌠
#......#...<.............[.'..†
#......#............######.8...
#......#.......[....# #.#...


You could see a skeletal warrior and a yak.

Vanquished Creatures
  Harold (D:10)
  The ghost of daning the Carver, a novice HESk of Okawaru (D:10)
  A skeletal warrior (D:10)
  2 hill giants
  Maurice (D:8)
  The ghost of SedStubbie the Thaumaturge, a novice OpIE (D:7)
  2 trolls
  3 hippogriffs (D:7)
  Grum (D:8)
  A steam dragon (D:9)
  A hungry ghost (D:9)
  2 water moccasins
  2 hell hounds (D:8)
  4 orc warriors
  4 sky beasts
  A black bear (D:9)
  3 ice beasts
  6 ogres
  A phantom (D:8)
  3 wolves (D:8)
  4 centaurs
  A crocodile (D:10)
  7 giant frogs
  2 scorpions
  10 killer bees
  3 howler monkeys
  A vampire bat (D:4)
  4 crimson imps
  A quasit (D:10)
  2 giant frog zombies
  15 orc wizards
  7 orc priests
  A hound (D:5)
  A human zombie (D:3)
  A centaur skeleton (D:4)
  4 giant frog skeletons
  Natasha (thrice) (D:4)
  3 iguanas
  15 worker ants
  A worker ant zombie (D:8)
  A gnoll (D:1)
  9 adders
  3 shadow imps
  3 oozes
  An adder skeleton (D:6)
  4 worms
  2 dart slugs
  4 giant geckos
  50 orcs
  4 bats
  A bat skeleton (D:4)
  5 bat zombies (D:4)
  6 giant cockroaches
  8 hobgoblins
  14 jackals
  3 quokkas
  3 ball pythons
  A giant gecko skeleton (D:4)
  2 giant newts
  8 goblins
  A goblin skeleton (D:3)
  2 kobolds
  7 rats
269 creatures vanquished.

Vanquished Creatures (others)
  A giant frog skeleton (D:8)
1 creature vanquished.

Grand Total: 270 creatures vanquished

Notes
Turn   | Place    | Note
--------------------------------------------------------------
     0 | D:1      | striepan the Deep Elf Fire Elementalist began the quest for the Orb.
     0 | D:1      | Reached XP level 1. HP: 10/10 MP: 6/6
    60 | D:1      | Found a snail-covered altar of Cheibriados.
   100 | D:1      | Reached XP level 2. HP: 15/15 MP: 5/8
   413 | D:1      | Reached XP level 3. HP: 19/19 MP: 5/9
   679 | D:2      | Found a sparkling altar of Nemelex Xobeh.
  1235 | D:3      | Reached XP level 4. HP: 24/24 MP: 8/10
  1317 | D:3      | Learned a level 3 spell: Conjure Flame
  1897 | D:3      | Found a bloodstained altar of Trog.
  2023 | D:3      | Noticed a human
  2024 | D:3      | Found a runed door.
  2041 | D:3      | Reached XP level 5. HP: 22/28 MP: 4/11
  2054 | D:3      | Found a basalt altar of Yredelemnul.
  2196 | D:4      | Reached skill level 5 in Conjurations
  2200 | D:4      | Learned a level 2 spell: Throw Flame
  2377 | D:4      | Reached skill level 5 in Fire Magic
  2377 | D:4      | Reached XP level 6. HP: 32/32 MP: 7/12
  2491 | D:4      | Noticed Natasha
  2512 | D:4      | Killed Natasha
  2547 | D:4      | Found an oddly glowing altar of Pakellas.
  2628 | D:4      | Noticed Natasha
  2630 | D:4      | Killed Natasha
  2813 | D:4      | Found a staircase to the Ecumenical Temple.
  2819 | Temple   | Entered the Ecumenical Temple
  2937 | D:4      | Found an ancient bone altar of Kikubaaqudgha.
  3214 | D:4      | Noticed Natasha
  3215 | D:4      | Killed Natasha
  3254 | D:5      | Entered Level 5 of the Dungeon
  3347 | D:5      | Reached XP level 7. HP: 22/36 MP: 6/13
  3444 | D:5      | Found a white marble altar of Elyvilon.
  3458 | D:5      | Identified the Papyrus of the Noxious Glacier (You found it on level 5 of the Dungeon)
  3780 | D:5      | Reached skill level 1 in Fighting
  3942 | D:5      | Found a shimmering altar of Xom.
  4672 | D:5      | Reached XP level 8. HP: 22/45 MP: 4/16
  4773 | D:6      | Found a radiant altar of Vehumet.
  4781 | D:6      | Became a worshipper of Vehumet
  5420 | D:6      | Found a shattered altar of Ashenzari.
  5597 | D:6      | Found a glowing golden altar of the Shining One.
  5798 | D:6      | Learned a level 5 spell: Fireball
  5871 | D:6      | Found a shattered altar of Ashenzari.
  5908 | D:7      | Found an iron altar of Okawaru.
  6355 | D:7      | Found a deep blue altar of Sif Muna.
  6358 | D:7      | Found a basalt altar of Yredelemnul.
  6360 | D:7      | Found a snail-covered altar of Cheibriados.
  6402 | D:7      | Noticed SedStubbie's ghost (novice OpIE)
  6405 | D:7      | Killed SedStubbie's ghost
  6405 | D:7      | Reached skill level 5 in Dodging
  6405 | D:7      | Reached XP level 9. HP: 49/49 MP: 12/20
  6523 | D:7      | Reached * piety under Vehumet
  6523 | D:7      | Offered knowledge of Magic Dart by Vehumet.
  6809 | D:7      | Got a polished leather armour
  6820 | D:7      | Identified the +1 leather armour of Ru's Pride {Int+6} (You found it on level 7 of the Dungeon)
  7218 | D:8      | Learned a level 2 spell: Throw Frost
  7223 | D:8      | Found a staircase to the Lair.
  7811 | D:7      | Reached skill level 10 in Conjurations
  7996 | D:8      | Noticed Grum
  8096 | D:8      | Noticed Maurice
  8248 | D:8      | Killed Grum
  8556 | D:8      | Reached XP level 10. HP: 12/58 MP: 2/21
  8635 | D:8      | Reached skill level 5 in Fighting
  8835 | D:8      | Offered knowledge of Shock by Vehumet.
  8838 | D:8      | Learned a level 1 spell: Shock
  9077 | D:8      | Killed Maurice
  9381 | D:9      | Reached ** piety under Vehumet
  9932 | D:8      | Reached skill level 10 in Fire Magic
 10001 | D:9      | Found a roughly hewn altar of Beogh.
 10001 | D:9      | Found a staircase to the Orcish Mines.
 10167 | D:9      | Found a white marble altar of Elyvilon.
 10196 | D:9      | Offered knowledge of Static Discharge by Vehumet.
 10532 | D:9      | Reached *** piety under Vehumet
 10602 | D:9      | Found a shadowy altar of Dithmenos.
 10975 | D:10     | Entered Level 10 of the Dungeon
 11242 | D:10     | Noticed daning's ghost (novice HESk)
 11242 | D:10     | Noticed Harold
 11257 | D:10     | Killed daning's ghost
 11258 | D:10     | Found a shimmering altar of Xom.
 11266 | D:10     | Found an iron altar of Okawaru.
 11440 | D:10     | Noticed a hill giant
 11441 | D:10     | Offered knowledge of Olgreb's Toxic Radiance by Vehumet.
 11443 | D:10     | Killed a hill giant
 11443 | D:10     | Reached XP level 11. HP: 63/63 MP: 9/26
 11618 | D:11     | Noticed Urug
 11706 | D:10     | Killed Harold
 11706 | D:10     | Reached skill level 10 in Spellcasting
 12223 | D:11     | Noticed a hill giant
 12226 | D:11     | Killed a hill giant
 12229 | D:11     | Noticed a hill giant
 12346 | D:11     | Noticed a skeletal warrior
 12354 | D:11     | Noticed a skeletal warrior
 12356 | D:10     | Killed a skeletal warrior
 12438 | D:11     | Noticed a skeletal warrior
 12439 | D:11     | Noticed a skeletal warrior
 12478 | D:9      | Slain by a yak

Skill      XL: |  1  2  3  4  5  6  7  8  9 10 11 |
---------------+----------------------------------+-----
Conjurations   | 2 3 4 5 7 8 10 11 | 11.2
Fire Magic     | 4 5 6 8 10 | 10.4
Fighting       | 2 4 5 |  5.0
Dodging        | 3 5 6 |  6.3
Spellcasting   | 4 6 9 11 | 11.1
Stealth        | 3 |  3.2

Action                   |  1- 3 |  4- 6 |  7- 9 | 10-12 || total
-------------------------+-------+-------+-------+-------++-------
Melee: Unarmed           |       |       |    28 |       ||    28
       Staff             |       |       |    71 |       ||    71
       Dagger            |       |       |    48 |     4 ||    52
 Cast: Flame Tongue      |    60 |   130 |   224 |   136 ||   550
       Conjure Flame     |       |     1 |    14 |     5 ||    20
       Throw Flame       |       |       |    31 |    66 ||    97
       Throw Frost       |       |       |    28 |     8 ||    36
       Fireball          |       |       |     3 |    34 ||    37
  Use: Scroll            |       |     5 |     5 |     6 ||    16
       Potion            |       |       |     2 |     1 ||     3
  Eat: Chunk             |       |     4 |     9 |     8 ||    21
       Beef jerky        |       |     1 |     1 |     3 ||     5
       Pizza             |       |     1 |     2 |       ||     3
       Meat ration       |       |       |     1 |     1 ||     2
Armor: Robe              |     1 |     4 |    31 |       ||    36
       Leather armour    |       |       |    15 |    17 ||    32
Dodge: Dodged            |    11 |    15 |   156 |    52 ||   234
Block: Other             |       |    10 |    20 |    13 ||    43
       Reflection        |       |       |     1 |     2 ||     3
